 Dungeon Crawl Stone Soup version 0.26-b1-45-g23770d1d51 (webtiles) character file.

Game seed: 2194648125224657663

1281 snetch the Cleaver (level 8, -16/70 HPs)
             Began as a Hill Orc Monk on Jan 6, 2021.
             Was an Elder of Beogh.
             Demolished by an orc knight
             ... wielding a +0 halberd
              (20 damage)
             ... in a bailey.
             The game lasted 00:19:54 (6262 turns).

snetch the Cleaver (Hill Orc Monk)                  Turns: 6262, Time: 00:19:54

Health: -16/70     AC: 12    Str: 22    XL:     8   Next: 54%
Magic:  8/8        EV: 12    Int: 10    God:    Beogh [****..]
Gold:   309        SH:  0    Dex: 13    Spells: 7/7 levels left

rFire    . . .     SeeInvis .   M - +0 halberd
rCold    . . .     Faith    +   (shield currently unavailable)
rNeg     . . .     Spirit   .   d - +0 plate armour {rPois}
rPois    +         Reflect  .   (no helmet)
rElec    .         Harm     .   h - scarf {shadows}
rCorr    .         Rampage  .   (no gloves)
Will     .....                  (no boots)
Stlth    ..........             c - amulet of faith
HPRegen  0.21/turn              F - +4 ring of evasion
MPRegen  0.11/turn              G - +6 ring of strength

@: studying Stealth
A: no striking features
a: Renounce Religion, Smiting, Recall Orcish Followers


You were in a bailey.
You worshipped Beogh.
Beogh was greatly pleased with you.
You visited 1 branch of the dungeon, and saw 7 of its levels.
You also visited: Sewer and Bailey.

You collected 309 gold pieces.

Inventory:

Hand Weapons
 a - a +0 battleaxe
 s - a +0 flail
 w - a +0 trident
 C - a +0 quarterstaff of speed
 D - a +0 hand axe
 E - a +0 war axe
 M - a +0 halberd (weapon)
Missiles
 f - 43 bolts
 j - 141 arrows
 k - 152 stones (quivered)
 p - 15 poisoned darts
 r - 16 sling bullets
 I - 2 javelins
Armour
 d - a +0 plate armour of poison resistance (worn)
 h - a scarf of shadows (worn)
 x - a +0 plate armour
Magical Staves
 u - an uncursed staff of cold
 K - an uncursed staff of cold
Jewellery
 c - an amulet of faith (around neck)
 n - an uncursed ring of resist corrosion
 A - an uncursed ring of protection from fire
 F - a +4 ring of evasion (left hand)
 G - a +6 ring of strength (right hand)
Wands
 q - a wand of acid (6)
 y - a wand of disintegration (16)
 H - a wand of digging (4)
Scrolls
 e - 6 scrolls of teleportation
 i - 3 scrolls of blinking {unknown}
 l - a scroll of remove curse
 o - a scroll of amnesia
 z - 2 scrolls of fear
 J - a scroll of random uselessness
Potions
 b - 2 potions of curing
 m - 3 potions of flight
 t - a potion of heal wounds
 v - a potion of mutation
 L - a potion of resistance
Books
 B - a manual of Stealth


   Skills:
 + Level 5.9 Fighting
 + Level 9.8 Axes
 + Level 5.3 Armour
 + Level 3.6 Dodging
 + Level 2.0 Stealth


You had 7 spell levels left.
You didn't know any spells.
Your spell library contained the following spells:

 Spells                   Type           Power        Failure   Level
 Freeze                   Ice            0%           100%        1
 Frozen Ramparts          Ice            0%           100%        3
 Ozocubu's Armour         Ice            0%           100%        3
 Hailstorm                Conj/Ice       0%           100%        4
 Summon Ice Beast         Ice/Summ       0%           100%        4


Dungeon Overview and Level Annotations

Branches:
Dungeon (7/15)             Temple (0/1) D:7           Sewer (visited)
 Bailey (1/1)

Altars:


Message History

You reach to attack!
You slash the orc warrior!
The orc warrior is moderately wounded.
The orc warrior closely misses you.
The orc knight roars a battlecry!
The orc warriors go into a battle-frenzy!
The orc warrior hits you from afar with a +0 halberd.
Your orc misses the orc warrior. The orc warrior closely misses you.
The orc warrior barely misses you.
You reach to attack!
You closely miss the orc warrior.
The orc warrior is moderately wounded.
The orc warrior hits you from afar with a +0 halberd!!!
Ouch! That really hurt!
* * * LOW HITPOINT WARNING * * *
The orc warrior hits you from afar with a +0 halberd!
* * * LOW HITPOINT WARNING * * *
Your orc closely misses the orc warrior.
Your orc hits the orc warrior from afar with a +0 halberd.
The orc knight hits you from afar with a +0 halberd!!
You die...
Beogh appreciates the orc knight's killing of a heretic priest.

##.........## ##..≈≈≈≈≈≈≈..##
##..≈≈..)..≈≈..##
#######..≈≈..###..≈≈..##########
........≈≈..## ##..≈≈..........#
≈≈≈≈≈≈≈≈≈..##.∩.##..≈≈≈≈≈≈≈≈≈≈.#
oo.o.o....##.....##oo.ooo....≈.#
o#############+###'#########.≈.#
.## ...§§@oo# ##.≈.# ..##
.≈≈≈§≈≈≈o.# ##oo≈.# ≈[o##
≈§..ooo≈≈..# ##.o≈≈.# ≈≈o.#
§..⌠∩⌠oo≈≈..# #..≈≈.∩# ≈≈..#
§...⌠...≈≈..#+#..≈≈.## ≈oo##
§≈.§...≈≈..##.##.)≈≈.# ..##
.≈≈§≈≈≈≈..+#...##.o≈.# .##.$$$.
.....##o≈.# .#######
##########o≈.#


You could see an orc knight, 4 orc warriors and 5 friendly orcs.

Vanquished Creatures
  Eustachio (D:4)
  An orc warrior (D:7)
  A sky beast (D:7)
  2 centaurs
  An ogre (D:7)
  A big kobold (Sewer)
  A howler monkey (D:4)
  2 orc priests
  A hound (D:4)
  3 orc wizards
  5 worker ants
  3 gnolls (D:6)
  8 adders
  3 river rats
  A shadow imp (D:5)
  4 white imps
  2 ufetubi
  An ooze (D:3)
  2 worms
  An adder skeleton (D:5)
  2 dart slugs (D:1)
  5 leopard geckos
  17 orcs
  4 ball pythons
  9 bats
  3 giant cockroaches
  15 goblins
  8 hobgoblins
  10 jackals
  7 kobolds
  7 quokkas
  A frilled lizard (D:3)
  A quokka skeleton (D:6)
  15 rats
148 creatures vanquished.

Vanquished Creatures (collateral kills)
  A gnoll (D:6)
  An adder (D:5)
  An ufetubus (D:5)
  An ooze (D:6)
  6 orcs
  A goblin (D:7)
11 creatures vanquished.

Vanquished Creatures (others)
  4 orcs
  2 goblins (D:3)
  A rat (D:3)
7 creatures vanquished.

Grand Total: 166 creatures vanquished

Notes
Turn   | Place    | Note
-------+----------+-------------------------------------------
     0 | D:1      | snetch the Hill Orc Monk began the quest for the Orb.
     0 | D:1      | Reached XP level 1. HP: 19/19 MP: 1/1
   136 | D:2      | Reached XP level 2. HP: 16/27 MP: 2/2
   476 | D:1      | Reached XP level 3. HP: 33/33 MP: 3/3
  1054 | D:2      | Reached skill level 5 in Axes
  1310 | D:2      | Reached XP level 4. HP: 40/40 MP: 4/4
  2062 | D:4      | Found a glowing drain.
  2086 | Sewer    | Entered a sewer
  2111 | Sewer    | Reached skill level 1 in Armour
  2396 | Sewer    | Noticed a big kobold
  2410 | Sewer    | Reached XP level 5. HP: 40/46 MP: 5/5
  2427 | Sewer    | Killed a big kobold
  2428 | Sewer    | Reached skill level 6 in Axes
  2562 | Sewer    | Found a white marble altar of Elyvilon.
  3020 | D:3      | Became a worshipper of Beogh the Brigand
  3020 | D:3      | Reached * piety under Beogh
  3020 | D:3      | Reached ** piety under Beogh
  3048 | D:3      | Reached XP level 6. HP: 26/52 MP: 6/6
  3319 | D:3      | Reached skill level 7 in Axes
  3936 | D:4      | Reached XP level 7. HP: 18/60 MP: 7/7
  4609 | D:5      | Entered Level 5 of the Dungeon
  4629 | D:4      | Reached skill level 5 in Fighting
  4964 | D:4      | Noticed Eustachio
  4995 | D:4      | Killed Eustachio
  4996 | D:4      | Reached skill level 8 in Axes
  5498 | D:5      | Reached *** piety under Beogh
  5499 | D:5      | Reached XP level 8. HP: 64/68 MP: 8/8
  5662 | D:6      | Reached skill level 5 in Armour
  5662 | D:6      | You fall into a shaft and drop 1 floor!
  5668 | D:7      | Reached skill level 9 in Axes
  5850 | D:7      | Found a staircase to the Ecumenical Temple.
  5887 | D:7      | Gained Wardok as an ally
  5956 | D:7      | Found a flagged portal.
  5958 | D:7      | Reached **** piety under Beogh
  5966 | Bailey   | Entered a bailey
  6029 | Bailey   | Noticed an orc knight
  6257 | Bailey   | Noticed an orc knight
  6262 | Bailey   | Demolished by an orc knight

Illustrated notes

Levels and vault maps discovered:
D:1:      minmay_arrival_three_doors, layout_basic
D:2:      layout_loops_ring
D:3:      layout_basic
D:4:      layout_basic, portal_sewer_entry_e, interstate_on_off,
          minmay_manual_mess, uniq_eustachio
D:5:      layout_loops_ring, basic_altar
D:6:      layout_cave_pools, serial_gnoll_camp, gnoll_camp_huts_basic,
          gnoll_camp_mini_loothouse, gnoll_camp_medium_02,
          gnoll_camp_mini_basic, gnoll_camp_mini_hut,
          nicolae_ru_great_annihilating_truth, uniq_prince_ribbit1
D:7:      layout_basic, minmay_temple_entry_crystal_x, enter_bailey_3,
          minmay_fractal_squares_diagonal_5
Bailey:   bailey_polearm_1, bailey

Skill      XL: |  1  2  3  4  5  6  7  8 |
---------------+-------------------------+-----
Axes           | 5 6 7 8 9 |  9.8
Fighting       | 4 5 |  5.9
Armour         | 1 2 3 4 5 |  5.3
Dodging        | 3 |  3.6
Stealth        | 2 |  2.0

Action                   |  1- 3 |  4- 6 |  7- 9 || total
-------------------------+-------+-------+-------++-------
Melee: Hand axe          |   144 |   269 |    87 ||   500
       Battleaxe         |       |       |    74 ||    74
       Trident           |       |       |     2 ||     2
       Halberd           |       |       |     2 ||     2
Invok: Convert to Beogh  |       |     1 |       ||     1
  Use: Scroll            |       |       |    11 ||    11
 Stab: Distracted        |       |       |     1 ||     1
Armor: Robe              |     6 |       |       ||     6
       Chain mail        |    74 |   163 |    52 ||   289
       Plate armour      |       |       |    63 ||    63
Dodge: Dodged            |    50 |    92 |   114 ||   256
